 Dungeon Crawl Stone Soup version 0.31-a0-219-g8d62b2e7bb (webtiles) character file.

Game seed: 948839620114293327

1197 omnomnOMINOUS the Caller (level 8, -1/54 HPs)
             Began as an Octopode Wanderer on July 3, 2023.
             Was an Initiate of Ashenzari.
             Slain by a water moccasin (7 damage)
             ... on level 6 of the Dungeon.
             The game lasted 00:10:18 (4647 turns).

omnomnOMINOUS the Caller (Octopode Wanderer)        Turns: 4647, Time: 00:10:19

Health: -1/54      AC:  1    Str:  7    XL:     8   Next: 44%
Magic:  8/11       EV: 17    Int: 19    God:    Ashenzari [......]
Gold:   242        SH:  0    Dex: 25    Spells: 2/11 levels left

rFire   . . .        a - +1 short sword "Ompeijueqys" {flame, Dex+6}
rCold   . . .        g - orb {light}
rNeg    . . .        f - +0 hat
rPois   .            (no amulet)
rElec   .            i - ring of the Ruined Doubts {Dex+6, Evo, Elem} (curse)
rCorr   +            x - ring of resist corrosion
SInv    .            (no ring)
Will    .....        (no ring)
Stlth   ++           (no ring)
HPRegen 0.29/turn    (no ring)
MPRegen 0.12/turn    (no ring)
                     (no ring)

%: no passive effects
@: attractive, hasted, glowing, studying Long Blades, very quick
A: almost no armour, amphibious, 8 rings, camouflage 1, gelatinous body 1,
(nimble swimmer 1), tentacles
a: Renounce Religion, Shatter the Chains


You were on level 6 of the Dungeon.
You worshipped Ashenzari.
Ashenzari was noncommittal.
You visited 1 branch of the dungeon, and saw 6 of its levels.

You collected 242 gold pieces.

Inventory:

Hand Weapons
 a - the +1 short sword "Ompeijueqys" (weapon) {flame, Dex+6}
   (You found it on level 2 of the Dungeon)

   Dex:       It affects your dexterity (+6).
 b - a +0 spear
 s - a +0 short sword of speed
 u - a +2 dagger of draining
Missiles
 e - 10 poisoned darts
Armour
 f - a +0 hat (worn)
 g - an orb of light (worn)
Magical Staves
 c - a staff of cold
Jewellery
 i - the cursed ring of the Ruined Doubts (left tentacle) {Dex+6, Evo, Elem}
   (You found it on level 1 of the Dungeon)

   [ring of dexterity]

   Dex:       It affects your dexterity (+6).
   It has a curse which improves the following skills: Evocations: Evocations.
   Elements:  Fire Magic, Ice Magic, Air Magic and Earth Magic.
 x - a ring of resist corrosion (right tentacle)
Scrolls
 d - a scroll of fog
 l - a scroll of enchant weapon
 m - 4 scrolls of blinking
 n - a scroll of enchant armour {unknown}
 o - a scroll of identify {unknown}
 r - 2 scrolls of teleportation
 v - a scroll of amnesia {unknown}
 w - a scroll of silence {unknown}
 y - 2 scrolls of vulnerability {unknown}
Potions
 j - a potion of brilliance {unknown}
 k - a potion of attraction
 p - a potion of haste
 q - a potion of curing
 t - a potion of heal wounds {unknown}


   Skills:
 + Level 4.7 Fighting
 + Level 4.4 Long Blades
 - Level 1.0 Throwing
 + Level 4.7 Dodging
 - Level 1.3 Stealth
 - Level 2.0 Spellcasting
 - Level 4.0 Conjurations
 + Level 5.5 Summonings
 + Level 2.9(3.3) Ice Magic


You had 2 spell levels left.
You knew the following spells:

 Your Spells              Type           Power      Damage    Failure   Level
a - Blink                 Tloc           2%         N/A       26%         2
b - Call Canine Familiar  Summ           22%        N/A       5%          3
c - Summon Ice Beast      Ice/Summ       18%        N/A       26%         4

Your spell library contained the following spells:

 Spells                   Type           Power      Damage    Failure   Level
 Summon Small Mammal      Summ           88%        N/A       1%          1
 Freeze                   Ice            56%        1d7       4%          1
 Shock                    Conj/Air       36%        1d5       8%          1
 Momentum Strike          Conj/Tloc      18%        3d8       11%         2
 Necrotise                Necr           4%         1d4       17%         1
 Lesser Beckoning         Tloc           2%         N/A       26%         2
 Hailstorm                Conj/Ice       15%        3d5       12%         3
 Frozen Ramparts          Ice            28%        1d5       13%         3
 Dazzling Flash           Conj/Hex       18%        N/A       22%         3
 Portal Projectile        Hex/Tloc       2%         N/A       45%         3
 Vampiric Draining        Necr           1%         2d6       45%         3
 Leda's Liquefaction      Hex/Erth       0%         N/A       86%         4
 Agony                    Necr           1%         N/A       99%         5


Dungeon Overview and Level Annotations

Branches:
Dungeon (6/15)
 Temple: D:4-7

Altars:
Ashenzari
Dithmenos
Nemelex Xobeh
Wu Jian
Xom

Shops:
D:2 (


Innate Abilities, Weirdness & Mutations

You cannot wear most types of armour.
You are amphibious.
You can wear up to eight rings at the same time.
Your skin changes colour to match your surroundings (Stealth+).
Your rubbery body absorbs attacks. (AC +1, EV +1)
((You are camouflaged when in or above water. (Stealth+)))
You have tentacles for arms and can constrict up to eight enemies at once.


Message History

Unknown command.
Casting: Call Canine Familiar (dangerous; 5% risk of failure)
Confirm with . or Enter, or press ? or * to list all spells.
You constrict the water moccasin, but do no damage.
The water moccasin bites you!
The howler monkey hits you but does no damage.
Unknown command.
You hit the water moccasin. You burn the water moccasin.
You squeeze the water moccasin!
The water moccasin is severely wounded.
You constrict the water moccasin. The water moccasin bites you!
You are poisoned.
The water moccasin poisons you!
Your hound closely misses the howler monkey.
The howler monkey barely misses you.
Unknown command.
It was a potion of attraction.
You feel attractive to monsters.
You constrict the water moccasin.
You feel very sick. The water moccasin misses you.
Your hound barely misses the howler monkey.
The howler monkey hoots and howls with incredible vigour!
The iguana bites you! The water moccasin barely misses you.
You hear a shout! x2
It was a potion of haste.
You feel yourself speed up.
You constrict the water moccasin.
You feel very sick.
Your hound bites the howler monkey.
The howler monkey hits you.
* * * LOW HITPOINT WARNING * * *
The water moccasin bites you!
* * * LOW HITPOINT WARNING * * *
You are more poisoned.
The water moccasin poisons you!
Your hound bites the howler monkey.
The iguana completely misses you.
It was a potion of curing.
You feel better.
You constrict the water moccasin. The howler monkey hits you.
* * * LOW HITPOINT WARNING * * *
The water moccasin bites you!
You die...

...... #.
...... ..
....###.
....#.####
.####.<.....##
.............#
#### #Y#..).#
##...
##Shl..##
##....
#....#@h...#
##..###
##..####...#
#..## # #..
#..## #..# #.
#..# #..# #.
#..# #.## #
#..## #.#
#...# #.#
#...## #.##
########....##
##..#


You could see a water moccasin (ally target), an ice beast, a howler monkey, an
iguana and a friendly hound (summoned).

Vanquished Creatures
  Grinder (D:3)
  Menkaure (D:4)
  A water moccasin (D:5)
  An ogre (D:5)
  A centaur (D:5)
  A phantom (D:5)
  A scorpion (D:5)
  2 howler monkeys
  A hound (D:5)
  A jelly (D:5)
  An iguana (D:4)
  2 orc wizards (D:4)
  6 adders
  11 gnolls
  A white imp (D:5)
  2 ufetubi (D:5)
  5 worms
  4 dart slugs
  12 orcs
  7 ball pythons
  6 endoplasms
  5 goblins
  5 hobgoblins
  2 quokkas
  4 bats
  2 frilled lizards
  7 kobolds
  6 rats
99 creatures vanquished.

Notes
Turn   | Place    | Note
-------+----------+-------------------------------------------
     0 | D:1      | omnomnOMINOUS the Octopode Wanderer began the quest for the
                  | Orb.
     0 | D:1      | omnomnOMINOUS set off with the following items: a +0
                  | dagger, a scroll of blinking, a +0 hat; and the following
                  | spells available to memorise: Summon Small Mammal, Shock,
                  | Call Canine Familiar, Dazzling Flash, Summon Ice Beast.
     0 | D:1      | Reached XP level 1. HP: 11/11 MP: 2/2
   219 | D:1      | Reached XP level 2. HP: 16/18 MP: 3/3
   338 | D:1      | Reached skill level 1 in Dodging
   356 | D:1      | Reached skill level 1 in Fighting
   824 | D:2      | Reached XP level 3. HP: 23/23 MP: 5/5
   828 | D:2      | Learned a level 3 spell: Call Canine Familiar
  1037 | D:2      | Reached XP level 4. HP: 28/29 MP: 6/6
  1100 | D:2      | Found Nig Alol's Antique Weapon Boutique.
  1112 | D:2      | Identified the +1 short sword "Ompeijueqys" {flame, Dex+6}
  1625 | D:2      | Reached XP level 5. HP: 34/34 MP: 8/8
  1924 | D:3      | Identified the +5 ring mail "Ashrael" {MP-9 Dex+4}
  2107 | D:3      | Found a broken altar of Ashenzari.
  2116 | D:3      | Found a shadowy altar of Dithmenos.
  2116 | D:3      | Noticed Grinder
  2117 | D:3      | Found a shimmering altar of Xom.
  2126 | D:3      | Killed Grinder
  2127 | D:3      | Reached skill level 4 in Summonings
  2127 | D:3      | Reached XP level 6. HP: 42/42 MP: 9/9
  2297 | D:3      | Learned a level 4 spell: Summon Ice Beast
  2755 | D:4      | Found a sparkling altar of Nemelex Xobeh.
  2878 | D:4      | Reached skill level 1 in Long Blades
  2886 | D:4      | Reached XP level 7. HP: 30/46 MP: 10/10
  3035 | D:4      | Noticed Menkaure
  3046 | D:4      | Killed Menkaure
  3047 | D:4      | Reached skill level 1 in Ice Magic
  3094 | D:3      | Became a worshipper of Ashenzari the Shackled
  3620 | D:5      | Entered Level 5 of the Dungeon
  3627 | D:5      | Reached skill level 5 in Summonings
  3928 | D:5      | Learned a level 2 spell: Blink
  3956 | D:5      | Reached XP level 8. HP: 54/54 MP: 11/11
  4378 | D:5      | Found an ornate altar of the Wu Jian Council.
  4646 | D:6      | HP: 1/54 [water moccasin (7)]
  4647 | D:6      | Slain by a water moccasin

Illustrated notes

Levels and vault maps discovered:
D:1:      eino_arrival_cavern_b, layout_loops_cross
D:2:      layout_loops_ring, serial_shops, shop
D:3:      wander_river, layout_loops_cross, nicolae_overflow_hidden_temple,
          gammafunk_temple_overflow_statue, chequers_serial_rivers_micro_c,
          uniq_grinder
D:4:      layout_loops_corners, nemelex_xobeh_ov_fountains_minmay, uniq_menkaure
D:5:      nicolae_cairo_tiling_very_big, layout_basic,
          pdpol_wu_jian_five_deadly_venoms
D:6:      layout_layer_cave, temple_doors_ab, serial_bayou_pond_d,
          minmay_misc_feat_five, lemuel_flame_loot_1, uniq_edmund

Skill      XL: |  1  2  3  4  5  6  7  8 |
---------------+-------------------------+-----
Dodging        | 1 2 3 4 |  4.7
Fighting       | 1 2 3 4 |  4.7
Spellcasting   | 2 |  2.0
Summonings     | 4 5 |  5.5
Long Blades    | 1 3 4 |  4.4
Ice Magic      | 2 |  2.9
Throwing       | |  1.0
Stealth        | |  1.3
Conjurations   | |  4.0

Action                     |  1- 3 |  4- 6 |  7- 9 || total
---------------------------+-------+-------+-------++-------
  Melee: Spear             |    70 |     4 |       ||    74
         Tentacles         |    13 |    17 |    32 ||    62
         Dagger            |     2 |       |       ||     2
         Constrict         |    15 |    26 |    26 ||    67
         Short sword       |       |    78 |    88 ||   166
         Punch             |       |       |     2 ||     2
   Cast: Call Canine Famil |       |       |     3 ||     3
 Invoke: Curse Item        |       |       |     1 ||     1
    Use: Scroll            |       |       |     4 ||     4
         Potion            |       |       |     3 ||     3
   Stab: Sleeping          |     6 |     1 |     1 ||     8
 Armour: Skin              |     2 |       |     3 ||     5
  Dodge: Dodged            |    24 |    53 |    67 ||   144

Table legend: (Time is in decaauts)
 A = Elapsed time spent in this place.
 B = Non-inter-level travel time spent in this place.
 C = Inter-level travel time spent in this place.
 D = Time resting spent in this place.
 E = Time spent auto-exploring this place.
 F = Levels seen in this place.
 G = Mean time per level.
                   A        B        C        D        E       F      G
               +--------+--------+--------+--------+--------+-----+--------+
         Total |   4645 |   4506 |    139 |    203 |   3511 |   6 |  774.2 |
       Dungeon |   4645 |   4506 |    139 |    203 |   3511 |   6 |  774.2 |
               +--------+--------+--------+--------+--------+-----+--------+

Top non-repeatable levels by time:
     D:4: 1098 daAuts
     D:5: 894 daAuts
     D:2: 892 daAuts
     D:1: 818 daAuts
     D:3: 814 daAuts
     D:6: 127 daAuts
